 Dungeon Crawl Stone Soup version 0.24.0-41-g2ae2f7f1be (webtiles) character file.

Game seed: 13889257374200533612, levelgen mode: deterministic

800 Freitmort the Destroyer (level 7, -1/36 HPs)
             Began as a Deep Elf Conjurer on Dec 10, 2019.
             Killed from afar by a raiju (20 damage)
             ... with a living lightning
             ... on level 1 of the Abyss on Dec 12, 2019.
             The game lasted 00:21:10 (3515 turns).

Freitmort the Destroyer (Deep Elf Conjurer)         Turns: 3515, Time: 00:21:11

Health: -1/36      AC:  3    Str:  7    XL:     7   Next: 59%
Magic:  19/19      EV: 14    Int: 20    God:
Gold:   127        SH:  0    Dex: 15    Spells: 12/19 levels left

rFire    . . .     SeeInvis .   (no weapon)
rCold    . . .     Gourm    .   (no shield)
rNeg     . . .     Faith    .   a - +1 robe
rPois    .         Spirit   .   (no helmet)
rElec    .         Reflect  .   (no cloak)
rCorr    .         Harm     .   (no gloves)
MR       +....                  (no boots)
Stlth    ++........             b - amulet of regeneration
HPRegen  0.52/turn              o - ring of protection from magic
MPRegen  0.16/turn              (no ring)

@: no status effects
A: no striking features
a: no special abilities


You were on level 1 of the Abyss.
You were hungry.

You visited 1 branch of the dungeon, and saw 6 of its levels.
You visited the Abyss 1 time.

You collected 127 gold pieces.

Inventory:

Hand Weapons
 l - a +1 dagger
 m - a +1 dagger of distortion
Armour
 a - a +1 robe (worn)
Jewellery
 b - an amulet of regeneration (around neck)
 k - an uncursed amulet of faith
 o - a ring of protection from magic (left hand)
Potions
 d - a potion of brilliance
 e - a potion of resistance
 f - a potion of mutation {unknown}
 g - a potion of curing
 h - 2 potions of ambrosia
 i - a potion of heal wounds {unknown}
 j - 2 potions of degeneration {unknown}
 n - a potion of magic {unknown}
 r - 2 potions of haste {unknown}
Comestibles
 c - 5 rations


   Skills:
 + Level 0.1 Fighting
 + Level 3.9 Dodging
 + Level 3.4 Stealth
 + Level 6.8 Spellcasting
 + Level 8.2 Conjurations


You had 12 spell levels left.
You knew the following spells:

 Your Spells              Type           Power        Failure   Level  Hunger
a - Magic Dart            Conj           ####         1%          1    None
b - Searing Ray           Conj           #####.       1%          2    None
c - Iskenderun's Mystic   Conj           #####...     3%          4    ###....

Your spell library contained the following spells:

 Spells                   Type           Power        Failure   Level  Hunger
 Dazzling Spray           Conj/Hex       ###...       5%          3    #......
 Beastly Appendage        Tmut           #.....       10%         1    None
 Sticks to Snakes         Tmut           #.......     14%         2    None
 Force Lance              Conj/Tloc      ###.....     17%         4    ###....
 Fulminant Prism          Conj/Hex       ###.......   17%         4    ###....
 Spider Form              Tmut/Pois      #.........   28%         3    #......
 Ice Form                 Ice/Tmut       #.......     67%         4    ###....
 Blade Hands              Tmut           #.........   95%         5    #####..


Dungeon Overview and Level Annotations

Branches:
Dungeon (6/15)
 Temple: D:4-7

Altars:
Makhleb
Okawaru

Annotations:
D:3 Grinder, Natasha


Message History

p - a scroll labeled BATIKE ZOCVUR
Found 12 arrows.
As you read the scroll labeled BATIKE ZOCVUR, it crumbles to dust.
You feel momentarily disoriented.
It was a scroll of magic mapping. 3 raiju come into view.
The raiju barks! x3; You hear a bark!
A raiju comes into view.
The raiju bursts into living lightning!
The living lightning misses the raiju.
The living lightning misses you.
The raiju blinks! x3
Found a gateway leading out of the Abyss.
The raiju bursts into living lightning!
The living lightning hits you!!
Ouch! That really hurt!
The living lightning hits the raiju.
The raiju completely resists.
The raiju blinks! x2
The raiju bursts into living lightning!
The living lightning hits you!!
Ouch! That really hurt!
You die...

#......##.....#
###### ...###
#(...#. #.#.#
#.....#.#...#
#####h#####.####
..###..#h#....###
#....#..#..## ..
#..hh..#..h
......#@#.###.#
##.#...###.# ##
#. #.#. #.# .....
## #.#.#∩. .
..#.. ##. .#


You could see 4 raiju.

Vanquished Creatures
  2 ice beasts
  A necrophage (D:6)
  A phantom (D:5)
  2 ogres
  A scorpion (D:4)
  An orc priest (D:4)
  A centaur skeleton (D:4)
  Natasha (D:3)
  An orc wizard (D:4)
  A worker ant (D:4)
  3 adders
  A worm (D:2)
  A leopard gecko (D:2)
  4 orcs
  7 bats
  A giant cockroach (D:1)
  9 goblins
  8 hobgoblins
  6 jackals
  5 kobolds
  2 quokkas
  A ball python (D:2)
  7 frilled lizards
  A leopard gecko skeleton (D:5)
  7 rats
75 creatures vanquished.

Vanquished Creatures (others)
  A hound (D:5)
1 creature vanquished.

Grand Total: 76 creatures vanquished

Notes
Turn   | Place    | Note
-------+----------+-------------------------------------------
     0 | D:1      | Freitmort the Deep Elf Conjurer began the quest for the
                  | Orb.
     0 | D:1      | Reached XP level 1. HP: 10/10 MP: 6/6
   249 | D:1      | Reached XP level 2. HP: 15/15 MP: 5/8
   427 | D:1      | Reached skill level 5 in Conjurations
  1250 | D:1      | Reached XP level 3. HP: 19/19 MP: 7/9
  1431 | D:2      | Learned a level 2 spell: Searing Ray
  1668 | D:2      | You fall into a shaft and drop 2 floors!
  1670 | D:4      | Noticed an ogre
  1766 | D:4      | You fall into a shaft and drop 2 floors!
  1779 | D:6      | Noticed an ogre
  1797 | D:6      | Killed an ogre
  1797 | D:6      | Reached skill level 6 in Conjurations
  1797 | D:6      | Reached XP level 4. HP: 24/24 MP: 3/12
  1797 | D:6      | Reached XP level 5. HP: 28/28 MP: 3/13
  1888 | D:6      | Noticed an ice beast
  1903 | D:6      | Killed an ice beast
  1903 | D:6      | Reached skill level 5 in Spellcasting
  1963 | D:6      | Noticed a necrophage
  1982 | D:6      | Killed a necrophage
  1982 | D:6      | Reached skill level 7 in Conjurations
  1982 | D:6      | Reached XP level 6. HP: 31/32 MP: 6/15
  2052 | D:6      | Learned a level 4 spell: Iskenderun's Mystic Blast
  2078 | D:5      | Entered Level 5 of the Dungeon
  2078 | D:5      | Found an iron altar of Okawaru.
  2283 | D:5      | Found a burning altar of Makhleb.
  2323 | D:5      | Noticed an ice beast
  2335 | D:5      | Killed an ice beast
  2564 | D:3      | Reached XP level 7. HP: 36/36 MP: 14/17
  2629 | D:3      | Noticed Natasha
  2637 | D:3      | Killed Natasha
  2794 | D:3      | Noticed Grinder
  2842 | D:4      | Reached skill level 8 in Conjurations
  3133 | D:3      | Noticed Natasha
  3453 | D:2      | Cast into level 1 of the Abyss (a distortion unwield)
  3511 | Abyss:1  | Noticed a raiju
  3511 | Abyss:1  | Noticed a raiju
  3511 | Abyss:1  | Noticed a raiju
  3511 | Abyss:1  | Noticed a raiju
  3515 | Abyss:1  | Killed from afar by a raiju

Levels and vault maps discovered:
D:1:      ebering_trefoil_3fold, layout_basic, nrook_campfire
D:2:      layout_basic, grunt_ministairs_3
D:3:      layout_basic, grunt_decor_one_mirror, uniq_sigmund, uniq_natasha,
          uniq_grinder
D:4:      kennysheep_big_flooded_room, layout_basic, first_ration
D:5:      layout_cave_pods, lemuel_coloured_pillars_altar, basic_altar,
          xom_confusion_cloud, uniq_blork_the_orc, uniq_pikel
D:6:      layout_gridville, minmay_temple_entry_nine_rooms
Abyss:1:  base:
D:2

Skill      XL: |  1  2  3  4  5  6  7 |
---------------+----------------------+-----
Conjurations   | 5 6 7 8 |  8.2
Spellcasting   | 4 5 6 |  6.8
Dodging        | 3 |  3.9
Stealth        | 3 |  3.4
Fighting       | |  0.1

Action                   |  1- 3 |  4- 6 |  7- 9 || total
-------------------------+-------+-------+-------++-------
 Cast: Magic Dart        |    65 |    41 |    30 ||   136
       Searing Ray       |     2 |     4 |    10 ||    16
  Use: Scroll            |     4 |       |     6 ||    10
  Eat: Chunk             |     2 |     2 |     3 ||     7
Armor: Robe              |       |       |     5 ||     5
Dodge: Dodged            |     3 |     9 |    16 ||    28
